 Dungeon Crawl Stone Soup version 0.31.0-11-ge490571c62 (webtiles) character file.

Game seed: 16884451310151713383

117 hawla the Ducker (level 4, 0/24 HPs)
             Began as a Deep Elf Fire Elementalist on Jan 29, 2024.
             Killed by nerve-wracking pain
             ... invoked by Grinder
              (13 damage)
             ... on level 3 of the Dungeon.
             The game lasted 00:06:40 (2825 turns).

hawla the Ducker (Deep Elf Fire Elementalist)       Turns: 2825, Time: 00:06:40

Health: 0/24       AC:  3    Str:  2 (5)  XL:     4   Next: 71%
Magic:  8/10       EV: 14    Int: 20 (22) God:
Gold:   294        SH:  0    Dex: 13 (15) Spells: 2/9 levels left

rFire   . . .        (no weapon)
rCold   . . .        (no shield)
rNeg    . . .        a - +0 robe
rPois   .            (no helmet)
rElec   .            d - +0 cloak
rCorr   .            (no gloves)
SInv    +            (no boots)
Will    .....        (no amulet)
Stlth   ++           h - ring of see invisible
HPRegen 0.24/turn    (no ring)
MPRegen 0.12/turn

%: no passive effects
@: no status effects
A: no striking features
a: no special abilities


You were on level 3 of the Dungeon.
You visited 1 branch of the dungeon, and saw 3 of its levels.

You collected 294 gold pieces.

Inventory:

Armour
 a - a +0 robe (worn)
 d - a +0 cloak (worn)
Jewellery
 h - a ring of see invisible (left hand)
 m - an amulet of regeneration
Wands
 i - a wand of flame (21)
Scrolls
 b - a scroll of enchant weapon {unknown}
 c - a scroll of amnesia
 k - a scroll of identify


   Skills:
 - Level 6.0 Dodging
 - Level 2.4 Stealth
 - Level 3.0 Spellcasting
 + Level 1.4 Conjurations
 - Level 3.2 Fire Magic


You had 2 spell levels left.
You knew the following spells:

 Your Spells              Type           Power      Damage    Failure   Level
a - Foxfire               Conj/Fire      48%        2x1d6     5%          1
b - Scorch                Fire           32%        2d6       5%          2
c - Flame Wave            Conj/Fire      12%        2d6       47%         4

Your spell library contained the following spells:

 Spells                   Type           Power      Damage    Failure   Level
 Sandblast                Erth           6%         2d5       14%         1
 Mercury Vapours          Alch/Air       6%         N/A       22%         2
 Inner Flame              Hex/Fire       9%         N/A       22%         3
 Volatile Blastmotes      Fire/Tloc      18%        2d11      22%         3
 Stone Arrow              Conj/Erth      10%        3d7       32%         3
 Mephitic Cloud           Conj/Alch/Air  4%         N/A       34%         3
 Passwall                 Erth           3%         N/A       38%         3
 Tukima's Dance           Hex            3%         N/A       38%         3
 Brom's Barrelling Bould  Conj/Erth      5%         2d3       71%         4
 Iskenderun's Mystic Bla  Conj/Tloc      5%         2d3       71%         4
 Dimensional Bullseye     Hex/Tloc       1%         N/A       80%         4
 Freezing Cloud           Conj/Ice/Air   2%         6-21      97%         5


Dungeon Overview and Level Annotations

Branches:
Dungeon (3/15)

Altars:
Elyvilon
Ru
Uskayaw

Annotations:
D:3 Grinder


Message History

You barely miss the giant cockroach.
The giant cockroach is severely wounded.
The giant cockroach bites you.
You hit the giant cockroach.
You kill the giant cockroach!
You see here a giant cockroach corpse.
You feel less attractive to monsters.
A kobold comes into view. It is wielding a +0 dagger.
Casting: Foxfire (safe; 5% risk of failure)
Confirm with . or Enter, or press ? or * to list all spells.
You conjure some foxfire!
Casting: Foxfire (safe; 5% risk of failure)
Confirm with . or Enter, or press ? or * to list all spells.
You conjure some foxfire!
The foxfire hits the kobold.
The kobold is heavily wounded.
The foxfire hits the kobold.
You kill the kobold!
Your foxfire dissipates!
Your foxfire dissipates!
You start to feel less resistant.
Your resistance to elements expires.
Grinder is nearby!
Grinder is nearby!
Casting: Foxfire (safe; 5% risk of failure)
Confirm with . or Enter, or press ? or * to list all spells.
You conjure some foxfire!
Grinder shouts!
Grinder gestures at you. Pain shoots through your body!
Casting: Foxfire (safe; 5% risk of failure)
Confirm with . or Enter, or press ? or * to list all spells.
You conjure some foxfire!
The foxfire hits Grinder but does no damage.
Grinder is moderately wounded.
The foxfire hits Grinder but does no damage.
Grinder is moderately wounded.
Grinder gestures at you. Pain shoots through your body!
Ouch! That really hurt!
You die...
Grinder sighs, "Dead already?
I want a refund."

.......!# #..####.### .....§.##
##.......### ....... ######....#
### .....>. #..#.###....
.......## #......#.... ..... ..#
#....#...... #.####
##.#........#
~~~..#...#######.........#..
...~..#...v@§..............#
._.~...#...§v.##.....##.####
...~..#.#.§.......##....#
~~~..#.##.####........###
#.#######..#5.###..........#####
#.......#..<###...#..###..#....
####.#.......##.#....# ##...###
#...#####.##...##.# #..###
###..##........†.##.####....##


You could see Grinder (ally target).

Vanquished Creatures
  4 adders
  3 ribbon worms (D:2)
  3 dart slugs (D:1)
  An orc (D:3)
  5 ball pythons
  3 endoplasms
  A giant cockroach (D:3)
  A goblin (D:3)
  8 hobgoblins
  3 jackals (D:2)
  9 kobolds
  5 quokkas
  7 bats
  4 frilled lizards
  7 rats
64 creatures vanquished.

Vanquished Creatures (collateral kills)
  3 foxfires (D:1)
3 creatures vanquished.

Vanquished Creatures (others)
  164 foxfires
164 creatures vanquished.

Grand Total: 231 creatures vanquished

Notes
Turn   | Place    | Note
-------+----------+-------------------------------------------
     0 | D:1      | hawla the Deep Elf Fire Elementalist began the quest for
                  | the Orb.
     0 | D:1      | Reached XP level 1. HP: 10/10 MP: 6/6
    25 | D:1      | Reached skill level 3 in Dodging
   103 | D:1      | Reached XP level 2. HP: 15/15 MP: 5/8
   106 | D:1      | Learned a level 2 spell: Scorch
   342 | D:1      | Reached skill level 4 in Dodging
   667 | D:1      | Reached XP level 3. HP: 19/19 MP: 4/9
  1188 | D:2      | Found a white marble altar of Elyvilon.
  1404 | D:2      | Reached skill level 5 in Dodging
  1817 | D:2      | Reached XP level 4. HP: 24/24 MP: 2/10
  1822 | D:2      | Learned a level 4 spell: Flame Wave
  2424 | D:3      | Found a sacrificial altar of Ru.
  2482 | D:3      | Noticed a +0 short sword
  2505 | D:3      | Noticed a +0 short sword
  2506 | D:3      | Noticed a +0 dagger
  2506 | D:3      | Noticed a +0 dagger
  2506 | D:3      | Noticed a +0 falchion
  2506 | D:3      | Noticed a +0 spear
  2506 | D:3      | Noticed a +0 spear
  2507 | D:3      | Noticed a +0 falchion
  2519 | D:3      | Found a hide-covered altar of Uskayaw.
  2679 | D:3      | Noticed Grinder
  2683 | D:3      | Reached skill level 6 in Dodging
  2825 | D:3      | Killed from afar by Grinder

Illustrated notes

Levels and vault maps discovered:
D:1:      tarquinn_simple_flora_water_c, layout_loops_ring,
          minmay_gold_behind_fungi
D:2:      layout_loops_ring, basic_altar, minmay_misc_feat_roman,
          hangedman_decor_diamond_cutter, minmay_misc_feat_columns,
          st_stairs_10, minmay_pentomino_p2
D:3:      layout_rooms, nicolae_uskayaw_en_pointe, nicolae_ru_awakened_eye,
          uniq_grinder

Skill      XL: |  1  2  3  4 |
---------------+-------------+-----
Dodging        | 3 4 5 6 |  6.0
Stealth        | |  2.4
Spellcasting   | |  3.0
Conjurations   | |  1.4
Fire Magic     | |  3.2

Action                     |  1- 3 |  4- 6 || total
---------------------------+-------+-------++-------
  Melee: Unarmed           |    14 |    14 ||    28
   Cast: Foxfire           |    70 |    27 ||    97
         Scorch            |    12 |    10 ||    22
    Use: Potion            |       |     5 ||     5
         Scroll            |       |     4 ||     4
 Armour: Robe              |    16 |    20 ||    36
  Dodge: Dodged            |    23 |    26 ||    49
